 Dungeon Crawl Stone Soup version 0.25-b1-37-g2669288c55 (webtiles) character file.

Game seed: 13517109919493905033

9 ChiseanneNo2 the Magician (level 2, 0/20 HPs)
             Began as a Gnoll Wanderer on June 6, 2020.
             Was an Initiate of Nemelex Xobeh.
             Slain by a centaur (7 damage)
             ... on level 3 of the Dungeon.
             The game lasted 00:02:52 (934 turns).

ChiseanneNo2 the Magician (Gnoll Wanderer)           Turns: 934, Time: 00:02:53

Health: 0/20       AC:  2    Str: 15    XL:     2   Next: 16%
Magic:  10/10      EV: 14    Int: 13    God:    Nemelex Xobeh [......]
Gold:   22         SH:  0    Dex: 14    Spells: 14/15 levels left

rFire    . . .     SeeInvis .   a - +0 spear
rCold    . . .     Gourm    .   (no shield)
rNeg     . . .     Faith    .   c - +0 robe
rPois    .         Spirit   .   (no helmet)
rElec    .         Reflect  .   (no cloak)
rCorr    .         Harm     .   (no gloves)
MR       .....                  (no boots)
Stlth    +.........             (no amulet)
HPRegen  0.06/turn              (no ring)
MPRegen  0.12/turn              (no ring)

@: no status effects
A: distributed training, fangs 1, strong nose
a: Draw Escape, Draw Destruction, Draw Summoning, Renounce Religion


You were on level 3 of the Dungeon.
You worshipped Nemelex Xobeh.
Nemelex Xobeh was noncommittal.
You were not hungry.

You visited 1 branch of the dungeon, and saw 3 of its levels.

You collected 22 gold pieces.

Inventory:

Hand Weapons
 a - a +0 spear (weapon)
Missiles
 g - 26 arrows
 i - 17 poisoned darts (quivered)
Armour
 c - a +0 robe (worn)
Scrolls
 e - a scroll of fog {unknown}
Potions
 b - 2 potions of curing
 d - a potion of ambrosia
Comestibles
 f - a ration
 h - 5 chunks of flesh


   Skills:
 + Level 0.3 Fighting
 + Level 2.4 Short Blades
 + Level 0.3 Long Blades
 + Level 0.3 Axes
 + Level 0.3 Maces & Flails
 + Level 0.3 Polearms
 + Level 0.3 Staves
 + Level 0.3 Slings
 + Level 0.3 Bows
 + Level 0.3 Crossbows
 + Level 0.3 Throwing
 + Level 0.3 Armour
 + Level 4.4 Dodging
 + Level 0.3 Stealth
 + Level 2.4 Shields
 + Level 0.3 Unarmed Combat
 + Level 7.1 Spellcasting
 + Level 0.2 Conjurations
 + Level 0.2 Hexes
 + Level 0.2 Charms
 + Level 0.2 Summonings
 + Level 0.2 Necromancy
 + Level 0.2 Translocations
 + Level 0.2 Transmutations
 + Level 0.2 Fire Magic
 + Level 0.2 Ice Magic
 + Level 2.0 Air Magic
 + Level 0.2 Earth Magic
 + Level 2.0 Poison Magic
 + Level 0.4 Invocations
 + Level 2.4 Evocations


You had 14 spell levels left.
You knew the following spells:

 Your Spells              Type           Power        Failure   Level  Hunger
a - Shock                 Conj/Air       #...         10%         1    None

Your spell library contained the following spells:

 Spells                   Type           Power        Failure   Level  Hunger
 Swiftness                Chrm/Air       #.......     14%         2    #......
 Static Discharge         Conj/Air       #.......     28%         3    ##.....
 Airstrike                Air            #.........   54%         4    ####...
 Lightning Bolt           Conj/Air       #.........   95%         5    ######.


Dungeon Overview and Level Annotations

Branches:
Dungeon (3/15)

Altars:
Nemelex Xobeh


Innate Abilities, Weirdness & Mutations

Your experience applies equally to all skills.
You have very sharp teeth.
Your uncanny sense of smell can sniff out nearby items.


Message History

The centaur unwields a +0 shortbow.
The centaur closely misses you.
You bump into the rock wall.
The centaur misses you. The centaur barely misses you.
You barely miss the centaur. The centaur hits you.
The centaur wields a +0 shortbow.
The centaur shoots an arrow.
The arrow hits you!
You see here an arrow.
You bump into the rock wall.
The centaur shoots an arrow.
The arrow misses you.
The centaur shoots an arrow.
The arrow barely misses you.
You bump into the rock wall.
The centaur shoots an arrow.
The arrow closely misses you.
You feel less invigorated.
You feel less confused.
The centaur unwields a +0 shortbow.
The centaur misses you.
You barely miss the centaur. You bite the centaur, but do no damage.
The centaur misses you. The centaur hits you.
You hit the centaur but do no damage. The centaur hits you!
You closely miss the centaur. The centaur hits you!
You die...
Your body disappears without a glow.

∆ #.# #.# #.#
###########.#
#...........#
#.########..#
#..#
######.(#
#....c@(#
#.####.## #(#
∆ #!# ..#
.### #. #


You could see a centaur.

Vanquished Creatures
  A leopard gecko (D:2)
  A bat (D:2)
  2 giant cockroaches
  2 ball pythons (D:2)
  A frilled lizard (D:2)
  2 rats
9 creatures vanquished.

Notes
Turn   | Place    | Note
-------+----------+-------------------------------------------
     0 | D:1      | ChiseanneNo2 the Gnoll Wanderer began the quest for the
                  | Orb.
     0 | D:1      | ChiseanneNo2 set off with the following items: a +0 club, 2
                  | potions of curing, a +0 robe, a ration; and the following
                  | spell memorised: Shock; and the following spells available
                  | to memorise: Swiftness, Static Discharge, Airstrike,
                  | Lightning Bolt
     0 | D:1      | Reached XP level 1. HP: 13/13 MP: 8/8
    23 | D:1      | You fall into a shaft and drop 1 floor!
    23 | D:2      | Found a sparkling altar of Nemelex Xobeh.
   268 | D:2      | Became a worshipper of Nemelex Xobeh the Trickster
   635 | D:2      | Received a gift from Nemelex Xobeh
   679 | D:2      | Reached XP level 2. HP: 19/19 MP: 10/10
   919 | D:3      | Noticed a centaur
   934 | D:3      | Slain by a centaur

Illustrated notes

Levels and vault maps discovered:
D:1:      wheals_arrival_shading, layout_loops_ring
D:2:      layout_basic, overflow_temple_1_default, st_stairs_7,
          minmay_misc_feat_encased
D:3:      layout_loops_ring, overflow_temple_1_default,
          lemuel_coloured_pillars_altar, old_standard_altar, marbit_many_paths,
          uniq_terence

Skill      XL: |  1 |
---------------+----+-----
Air Magic      | 2 |  2.0
Poison Magic   | 2 |  2.0
Fighting       | |  0.3
Short Blades   | |  2.4
Long Blades    | |  0.3
Axes           | |  0.3
Maces & Flails | |  0.3
Polearms       | |  0.3
Staves         | |  0.3
Slings         | |  0.3
Bows           | |  0.3
Crossbows      | |  0.3
Throwing       | |  0.3
Armour         | |  0.3
Dodging        | |  4.4
Stealth        | |  0.3
Shields        | |  2.4
Unarmed Combat | |  0.3
Spellcasting   | |  7.1
Conjurations   | |  0.2
Hexes          | |  0.2
Charms         | |  0.2
Summonings     | |  0.2
Necromancy     | |  0.2
Translocations | |  0.2
Transmutations | |  0.2
Fire Magic     | |  0.2
Ice Magic      | |  0.2
Earth Magic    | |  0.2
Invocations    | |  0.4
Evocations     | |  2.4

Action                   || total
-------------------------++-------
Melee: Club              ||    24
       Bite              ||     3
       Spear             ||    10
  Use: Scroll            ||     1
       Potion            ||     1
Armor: Robe              ||    17
Dodge: Dodged            ||    75
